Map: Neon Violet Square LE

Players

Bly

  • Race: Zerg Zerg
  • Spawn Location: 11:00

souL - Winner!

  • Race: Terran Terran
  • Spawn Location: 5:00

Event: IEM Season 12 - Katowice

VOD

Have the link to the VOD?

Description

Time

  • Played on: Feb. 26, 2018, 4:37 a.m.
  • Length: 19:43

All games in this series

Show
View Real Time Build Order
Export as new Build Order

Bly Zerg 

Build Orders: Hatch First, Roach Nydus 

Get SALT Encoding   

  12  0:01  Drone  
  13  0:13  Overlord  
  13  0:19  Drone  
  14  0:32  Drone x2  
  14  0:35  Drone  
  17  0:53  Hatchery  
  16  0:58  Drone  
  16  1:02  Drone  
  18  1:05  Extractor  
  17  1:18  Spawning Pool  
  17  1:19  Drone  
  17  1:23  Drone  
  18  1:29  Drone  
  19  1:42  Overlord  
  19  1:50  Drone  
  20  2:05  Queen  
  20  2:06  Queen  
  20  2:07  Zergling x4  
  26  2:13  Drone  
  27  2:16  Drone  
  28  2:39  Drone x4  
  28  2:42  Queen  
  34  2:48  Overlord  
  34  2:57  Drone x2  
  36  3:02  Lair  
  36  3:04  Overlord  
  36  3:07  Drone  
  36  3:10  Drone  
  38  3:16  Drone x3  
  38  3:19  Extractor  
  40  3:22  Overlord  
  40  3:23  Queen  
  42  3:36  Drone x3  
  42  3:40  Roach Warren  
  44  3:45  Extractor  
  44  3:47  Drone x2  
  45  4:00  Nydus Network  
  44  4:05  Overlord  
  44  4:21  Roach x6  
  44  4:22  Queen x2  
  58  4:39  Nydus Canal  
  61  4:45  Roach x2  
  61  4:46  Roach x3  
  61  4:50  Overlord  
  67  5:05  Overlord  
  67  5:06  Glial Reconstitution  
  67  5:11  Nydus Canal  
  65  5:23  Roach x6  
  56  5:39  Drone x6  
  57  5:42  Drone  
  57  5:56  Queen x2  
  51  6:05  Hatchery  
  51  6:08  Evolution Chamber  
  49  6:13  Roach x3  
  55  6:20  Roach x2  
  55  6:22  Roach  
  61  6:26  Roach  
  63  6:34  Zerg Ground Armor Level 1  
  63  6:36  Roach x2  
  63  6:39  Roach  
  69  6:47  Extractor  
  69  6:49  Drone x2  
  69  6:50  Infestation Pit  
  69  6:53  Drone x3  
  72  7:06  Roach x2  
  72  7:08  Overlord x2  
  76  7:23  Roach x3  
  76  7:27  Infestor, Ravager x2  
  76  7:29  Infestor  
  88  7:31  Roach  
  90  7:41  Roach x4  
  98  7:54  Overlord  
  98  7:56  Hive  
  98  7:57  Overlord  
  98  8:19  Overlord  
  98  8:20  Drone x2  
  98  8:21  Drone x7  
  98  8:22  Drone x2  
  109  8:34  Zerg Ground Armor Level 2  
  107  8:47  Drone x3  
  107  8:48  Drone x6  
  116  8:51  Extractor  
  116  8:52  Extractor  
  116  8:53  Drone x2  
  116  9:06  Drone  
  116  9:07  Drone x2  
  119  9:13  Ultralisk Cavern, Hatchery  
  117  9:20  Spine Crawler  
  116  9:25  Zergling x2  
  116  9:26  Overlord, Zergling x10  
  116  9:27  Overlord  
  116  9:28  Overlord  
  122  9:40  Overlord  
  122  9:52  Roach x10  
  142  10:02  Chitinous Plating  
  142  10:06  Metabolic Boost  
  142  10:19  Ultralisk x2  
  142  10:20  Overlord  
  132  10:46  Ultralisk x3  
  148  10:52  Infestor x2  
  150  10:57  Evolution Chamber  
  147  11:04  Extractor  
  147  11:08  Extractor  
  145  11:22  Ultralisk  
  145  11:23  Ultralisk  
  157  11:31  Burrow  
  157  11:32  Zerg Melee Weapons Level 1  
  157  11:44  Zerg Ground Armor Level 3  
  145  12:11  Spire  
  136  12:26  Drone x2  
  136  12:27  Drone  
  135  12:30  Queen  
  135  12:34  Queen  
  125  12:39  Drone x3  
  125  12:40  Drone x6  
  125  12:41  Drone x4  
  138  12:44  Ultralisk x2  
  138  12:46  Ravager x5  
  138  12:47  Ravager x4  
  138  12:50  Drone  
  160  12:52  Drone  
  161  13:03  Nydus Canal  
  161  13:20  Overseer, Hatchery  
  130  13:43  Drone x3  
  130  13:45  Spore Crawler  
  130  13:48  Greater Spire  
  127  14:01  Drone x4  
  127  14:02  Drone x3  
  133  14:18  Drone x2  
  133  14:19  Drone x4  
  139  14:38  Drone x10  
  140  14:47  Drone x2  
  135  14:55  Drone x4  
  135  14:56  Drone x2  
  135  14:57  Drone  
  142  15:01  Zerg Flyer Armor Level 1  
  142  15:12  Drone  
  141  15:15  Infestor x3  
  146  15:30  Queen x2  
  146  15:31  Queen  
  149  15:37  Spore Crawler  
  144  15:43  Drone x7  
  144  15:47  Adrenal Glands, Zerg Melee Weapons Level 2  
  149  15:50  Corruptor x3  
  149  15:51  Corruptor x3  
  149  15:52  Overlord  
  161  16:11  Infestor x3  
  161  16:20  Ultralisk x2, Zergling x2  
  132  16:47  Ultralisk x2  
  144  17:09  Ultralisk x2  
  144  17:10  Zergling x2  
  144  17:11  Zergling x6  
  144  17:12  Overlord  
  160  17:23  Overseer  
  153  17:37  Ultralisk x2  
  153  17:42  Infestor  
  167  17:44  Overlord  
  166  17:57  Drone x3  
  166  17:58  Drone x2  
  167  18:01  Hatchery  
  166  18:17  Brood Lord x3  
  166  18:18  Brood Lord  
  172  18:22  Infestor  
  172  18:25  Brood Lord  
  176  18:38  Hatchery  
Show
View Real Time Build Order
Export as new Build Order

souL Terran - Winner!

Build Orders: MMM Bio 

Get SALT Encoding   

  12  0:01  SCV  
  13  0:13  SCV  
  14  0:17  Supply Depot  
  14  0:25  SCV  
  15  0:29  Refinery  
  15  0:39  SCV  
  16  0:46  Barracks  
  16  0:51  SCV  
  17  1:03  SCV  
  18  1:15  SCV  
  20  1:33  Reaper  
  20  1:34  Orbital Command  
  20  1:45  Command Center  
  20  1:56  Factory  
  20  2:00  SCV  
  21  2:09  Barracks Reactor  
  21  2:14  Supply Depot  
  21  2:15  SCV  
  22  2:27  SCV  
  23  2:39  SCV  
  24  2:51  SCV, Command Center  
  24  2:56  Barracks Tech Lab  
  25  2:59  Orbital Command  
  25  3:03  SCV  
  26  3:07  Hellion  
  26  3:12  Hellion  
  30  3:15  SCV  
  31  3:20  Marine  
  32  3:27  SCV x2  
  34  3:39  SCV, Marine  
  34  3:40  SCV  
  34  3:41  Barracks  
  37  3:48  Factory Reactor  
  37  3:49  Barracks  
  37  3:51  SCV  
  37  3:52  SCV  
  37  3:55  Refinery  
  39  3:57  Marine  
  40  4:03  SCV  
  40  4:04  SCV, Orbital Command  
  42  4:15  SCV, Marine  
  42  4:16  SCV  
  42  4:17  Bunker  
  44  4:23  Supply Depot  
  44  4:26  Cyclone  
  44  4:28  SCV x2  
  49  4:33  Cyclone, Marine  
  49  4:35  SCV  
  49  4:37  Marine x2  
  54  4:38  Marine  
  55  4:46  Supply Depot  
  55  4:50  Marine  
  54  4:55  Marine x2  
  54  4:56  Marine  
  55  5:00  Cyclone  
  55  5:05  Cyclone  
  57  5:08  Marine  
  57  5:12  Marine  
  57  5:13  Marine  
  59  5:14  Marine  
  57  5:26  Marine  
  44  5:30  Marine x2  
  36  5:38  SCV  
  36  5:39  SCV  
  36  5:42  SCV  
  35  5:44  Marine  
  35  5:48  Marine x2  
  37  5:50  SCV  
  37  5:51  SCV  
  37  5:52  Barracks Tech Lab  
  37  5:54  SCV  
  36  6:02  SCV, Marine  
  36  6:03  SCV  
  39  6:06  SCV, Marine x2  
  42  6:14  SCV  
  42  6:15  SCV  
  44  6:18  SCV  
  44  6:24  Bunker  
  45  6:26  SCV, Stimpack  
  45  6:27  SCV  
  45  6:31  SCV  
  48  6:38  SCV  
  48  6:39  SCV  
  50  6:41  Engineering Bay  
  50  6:42  Engineering Bay  
  50  6:43  SCV  
  51  6:50  SCV  
  51  6:51  SCV  
  51  6:53  Starport  
  53  6:54  Factory Reactor  
  53  6:55  SCV  
  54  7:01  Marine  
  54  7:03  SCV x2  
  54  7:08  SCV  
  58  7:09  Refinery  
  58  7:14  Refinery  
  58  7:15  SCV  
  59  7:16  SCV  
  59  7:20  SCV  
  61  7:23  Terran Infantry Weapons Level 1  
  61  7:27  SCV  
  61  7:28  SCV  
  61  7:29  Supply Depot  
  63  7:32  SCV  
  64  7:37  Missile Turret  
  64  7:39  SCV, Medivac  
  64  7:40  SCV  
  69  7:44  SCV  
  69  7:51  SCV, Medivac  
  72  7:52  Supply Depot  
  72  7:53  SCV  
  73  7:59  Terran Infantry Armor Level 1  
  73  8:00  Factory Tech Lab  
  73  8:01  Marine  
  73  8:03  SCV  
  73  8:05  SCV  
  76  8:07  Orbital Command  
  76  8:08  Barracks  
  76  8:11  Barracks  
  76  8:12  Marine  
  77  8:15  SCV  
  77  8:17  SCV  
  77  8:19  Siege Tank  
  82  8:20  Marine  
  83  8:27  SCV  
  83  8:29  Marine  
  85  8:37  Missile Turret  
  85  8:38  Supply Depot  
  85  8:43  Supply Depot  
  85  8:45  Supply Depot  
  85  8:46  SCV  
  85  8:47  Armory  
  85  8:53  Combat Shields  
  85  8:57  Barracks Reactor  
  85  9:05  SCV x3, Marine x4  
  85  9:08  Supply Depot  
  85  9:09  Supply Depot  
  92  9:14  Barracks Reactor  
  92  9:16  Siege Tank  
  95  9:17  SCV x3  
  95  9:18  Marine  
  95  9:22  Marine  
  100  9:25  Supply Depot  
  100  9:28  Marine  
  100  9:29  Marine  
  100  9:30  SCV x3  
  105  9:32  Supply Depot  
  105  9:35  Marine  
  105  9:36  Terran Infantry Weapons Level 2, Marauder  
  106  9:39  Marine  
  106  9:42  SCV, Medivac  
  110  9:46  Medivac  
  110  9:48  Marine  
  110  9:50  SCV x2  
  115  9:54  SCV  
  115  9:55  Terran Infantry Armor Level 2  
  115  9:57  Marauder  
  118  10:02  SCV x2  
  120  10:09  Supply Depot x2, Marine  
  120  10:12  Medivac  
  123  10:16  Medivac  
  123  10:18  Terran Ship Weapons Level 1  
  125  10:22  Refinery x2  
  125  10:25  Command Center  
  125  10:26  Marine  
  126  10:30  Marine  
  126  10:31  Marine  
  126  10:34  SCV x2, Siege Tank  
  111  10:36  Marine x4  
  111  10:37  Marine  
  111  10:38  Marauder  
  111  10:41  SCV  
  108  10:45  Marine  
  108  10:46  SCV  
  108  10:47  Liberator x2  
  110  10:50  Marine  
  110  10:53  Marine  
  110  10:54  Marine  
  115  10:59  Marauder  
  115  11:04  Ghost Academy, Barracks  
  117  11:06  Barracks  
  117  11:07  Siege Tank  
  117  11:11  Barracks  
  122  11:12  Supply Depot, Marine  
  122  11:13  Marine  
  122  11:17  Marine  
  125  11:24  SCV x2  
  127  11:28  SCV, Marine  
  127  11:29  Marauder  
  127  11:30  Supply Depot, Liberator  
  127  11:32  Marine x2  
  132  11:36  SCV  
  134  11:41  Planetary Fortress  
  134  11:42  SCV  
  134  11:44  SCV  
  136  11:47  Marine  
  136  11:49  SCV, Marine  
  136  11:50  Ghost  
  136  11:51  Marine  
  143  11:54  Marine  
  143  12:00  Barracks Tech Lab  
  143  12:01  Barracks Tech Lab  
  143  12:02  Siege Tank, Marine  
  143  12:06  Marine x2  
  143  12:17  Marine x2  
  143  12:18  Marine  
  143  12:19  Marauder  
  148  12:26  Ghost, Barracks Tech Lab  
  148  12:28  Ghost  
  140  12:39  Ghost  
  140  12:43  Refinery x2  
  140  12:44  Marine x2  
  132  12:45  Sensor Tower  
  132  12:46  Command Center  
  129  12:55  Ghost, Medivac x2  
  129  12:56  Ghost, Marine x4, Marauder  
  143  13:01  Widow Mine x2  
  143  13:03  Supply Depot  
  143  13:05  Supply Depot  
  147  13:08  Ghost  
  147  13:10  Liberator  
  147  13:11  Marine  
  147  13:12  Marauder  
  152  13:19  Ghost  
  154  13:20  Marine  
  154  13:21  Marine x4  
  154  13:24  Marine  
  154  13:25  Marine  
  161  13:32  Ghost  
  162  13:41  Marine x2, Marauder  
  155  13:43  Marine  
  155  13:44  Marauder  
  157  13:49  Marine  
  157  13:50  Marauder  
  157  13:51  SCV x2  
  162  13:56  Marine  
  165  14:03  SCV x3  
  165  14:07  Terran Infantry Weapons Level 3  
  166  14:13  Liberator  
  166  14:14  Liberator  
  166  14:15  SCV  
  166  14:16  Terran Infantry Armor Level 3  
  164  14:18  Planetary Fortress  
  164  14:24  Sensor Tower  
  164  14:25  Sensor Tower  
  164  14:27  Marine  
  163  14:54  Ghost  
  163  14:55  Liberator, Marine, Marauder  
  163  14:57  Marine  
  163  14:58  Marine  
  164  15:07  Starport  
  164  15:09  Command Center  
  164  15:11  Marine  
  164  15:14  Marine, Marauder x2  
  164  15:20  Marine x2, Marauder  
  173  15:22  Marine  
  173  15:23  Marauder  
  173  15:28  Medivac  
  178  15:30  Fusion Core  
  178  15:32  Marine, Marauder  
  178  15:35  Marine  
  181  15:36  Marine  
  181  15:38  Marine  
  181  15:39  Marine, Marauder  
  181  15:42  Marine  
  186  15:43  Marine  
  186  15:49  Starport  
  184  15:52  Starport Tech Lab  
  184  15:55  Medivac  
  178  15:57  Medivac  
  178  16:00  Command Center  
  177  16:10  Marine, Marauder  
  177  16:11  Marine  
  176  16:12  Marine  
  177  16:20  Advanced Ballistics  
  177  16:25  Medivac  
  177  16:31  Liberator x2  
  142  16:38  Marine  
  142  16:39  Marine  
  127  16:40  Marine x4  
  127  16:41  Marine  
  127  16:45  Marine  
  127  16:46  Marine  
  127  16:47  Marauder  
  135  16:58  Marine x4, Marauder  
  135  16:59  Marauder, Marine x2, Liberator  
  145  17:04  Marine, Marauder  
  145  17:07  Marine  
  149  17:14  Liberator  
  149  17:16  Marine x5  
  149  17:18  Starport Reactor, Building Armor  
  149  17:20  Marauder  
  149  17:21  Liberator  
  156  17:27  Marine  
  157  17:31  Marine  
  157  17:32  Marauder x2  
  157  17:33  Marine  
  157  17:36  Orbital Command  
  166  17:39  Marine x2  
  166  17:40  Liberator  
  166  17:41  Marauder, Liberator  
  166  17:42  Liberator  
  170  17:56  Planetary Fortress  
  170  17:57  Liberator  
  170  17:58  Marine  
  167  17:59  Marine, Marauder x2  
  167  18:03  SCV  
  167  18:04  SCV, Liberator  
  174  18:18  SCV  
  178  18:23  Marine  
  178  18:24  Marauder  
  178  18:26  Marine  
  185  18:28  Marine  
  192  18:44  Ghost  
  171  19:02  Marine  
  150  19:04  Marine  
  150  19:05  Marine  
  150  19:07  Marine  
  153  19:10  Marine  
  153  19:11  Marine x2  
  153  19:13  Marine  
  153  19:14  Marauder  
  153  19:16  Marine  
  149  19:19  Marine x2  
  149  19:21  Marine  
  149  19:23  Marine  
  150  19:25  Marine  

Tags
 
Add a new tag
Caveats
  • Supply blocks, unpowered buildings, or Contaminate may cause inaccurate times.
  • Supply counts are checked every 10 seconds.